[Event "Wuerttemberg Rapid Teams 2024"]
[Site "B?blingen, Germany"]
[Date "2024.04.13"]
[Round "8.27"]
[White "Albrecht, Neil"]
[Black "Jerie, Sven"]
[Result "0-1"]
[ECO "B01"]
[WhiteElo "1950"]
[BlackElo "2018"]
[Annotator "RC"]
[PlyCount "125"]
[EventDate "2024.04.13"]
[EventType "team-tourn"]
[SourceTitle "playchess.com"]
[Source "ChessBase"]
[SourceQuality "1"]
[TimeControl "900+5"]

1. e4 d5 2. exd5 Qxd5 3. Nc3 Qd6 4. Nf3 a6 5. a4 Nf6 6. Bc4 Bg4 7. h3 Bh5 8. Be2 Nc6 9. O-O e5 10. d3 Be7 11. Be3 h6 12. Nd2 Bxe2 13. Qxe2 O-O-O 14. Nde4 Nxe4 15. Nxe4 Qd5 16. Nc3 Qd7 17. Rab1 f5 18. Na2 Nd4 19. Bxd4 exd4 20. Rfe1 Rhe8 21. Qe6 Bd6 22. Qc4 Qc6 23. Qxc6 bxc6 24. Kf1 Kb7 25. Rxe8 Rxe8 26. Nc1 c5 27. Nb3 Kc6 28. Nd2 Kd5 29. Nc4 g5 30. g3 f4 31. g4 Re7 32. Re1 Rxe1+ 33. Kxe1 Kc6 34. Ke2 Kd5 35. Kf3 Be7 36. Nd2 Bd6 37. b3 Be5 38. Ne4 Kc6 39. Nd2 Kd5 40. Nc4 Bd6 41. Kg2 Kc6 42. Nd2 Be7 43. Kf3 Kd5 44. Ne4 Ke5 45. Nd2 Kd5 46. Nc4 Bf6 47. h4 Be7 48. hxg5 hxg5 49. Nd2 Bf6 50. Ne4 Be7 51. Ke2 Ke5 52. f3 Kd5 53. Nd2 Bf6 54. Kd1 Be7 55. Kc1 Ke5 56. Kb2 Kd5 57. Nc4 Bf8 58. Nd2 Be7 59. Ne4 Ke5 60. Nd2 Kd5 61. Ka2 Bf8 62. Nc4 Be7 63. Na5 0-1

[Event "Wuerttemberg Rapid Teams 2024"]
[Site "B?blingen, Germany"]
[Date "2024.04.13"]
[Round "8.29"]
[White "Mayr, Florian"]
[Black "Seitz, Patrick"]
[Result "1/2-1/2"]
[ECO "B42"]
[WhiteElo "2077"]
[BlackElo "2125"]
[Annotator "RC"]
[PlyCount "69"]
[EventDate "2024.04.13"]
[EventType "team-tourn"]
[SourceTitle "playchess.com"]
[Source "ChessBase"]
[SourceQuality "1"]
[TimeControl "900+5"]

1. e4 c5 2. Nf3 e6 3. d4 cxd4 4. Nxd4 a6 5. Bd3 Qc7 6. O-O Nf6 7. h3 b6 8. c4 Bb7 9. Nc3 Nc6 10. Nxc6 dxc6 11. Bg5 Be7 12. Qf3 O-O 13. Rad1 Rad8 14. Bc2 e5 15. a3 Rxd1 16. Rxd1 Ne8 17. Be3 Nd6 18. b3 b5 19. c5 Ne8 20. b4 Bc8 21. Bb3 Kh8 22. a4 f5 23. exf5 Bxf5 24. Qg3 Bf6 25. a5 Qe7 26. Qf3 e4 27. Qxf5 Bxc3 28. Qc8 Bxb4 29. Qxc6 Bxa5 30. Rd7 Qe5 31. Bd4 Qf4 32. Re7 Be1 33. Rxe8 Bxf2+ 34. Bxf2 Qxf2+ 35. Kh2 1/2-1/2

[Event "Wuerttemberg Rapid Teams 2024"]
[Site "B?blingen, Germany"]
[Date "2024.04.13"]
[Round "8.30"]
[White "Eitel, Lukas"]
[Black "Narr, Kevin"]
[Result "0-1"]
[ECO "D05"]
[WhiteElo "1825"]
[BlackElo "1977"]
[Annotator "TA"]
[PlyCount "62"]
[EventDate "2024.04.13"]
[EventType "team-tourn"]
[SourceTitle "playchess.com"]
[Source "ChessBase"]
[SourceQuality "1"]
[TimeControl "900+5"]

1. d4 e6 2. Nf3 Nf6 3. e3 b6 4. Bd3 Bb7 5. Nbd2 d5 6. b3 Ne4 7. Bb2 {[%emt 0:00:09] Inhibits Nc3.} Nd7 8. c4 f5 {[%emt 0:00:34] The position is equal.} 9. O-O Bd6 10. Ne5 Nxe5 11. dxe5 Bb4 12. Nxe4 dxe4 13. Be2 a5 14. a3 Bc5 15. Qxd8+ Rxd8 16. Rfd1 {[%emt 0:00:22] Dodges Rd2} (16. Bc3 $11) 16... Kf7 (16... Rxd1+ $15 17. Bxd1 Kf7) 17. Bc3 $11 Be7 18. b4 Rxd1+ 19. Rxd1 axb4 20. Bxb4 (20. axb4 $11 Ra8 21. Rd7) 20... Bc6 21. Rc1 Ra8 22. Kf1 Ke8 23. Bd1 Kd7 24. Bb3 Bxb4 (24... Ba4 $17 25. Bxa4+ Rxa4 26. Bxe7 Kxe7) 25. axb4 $17 {[%emt 0:00:06][%mdl 4096] Endgame. KRB-KRB} Ra3 26. Rc3 {[%emt 0:00:30][%mdl 8192] [#] This move loses the game for White.} (26. Bd1 $11) 26... b5 $1 $19 27. cxb5 Bd5 (27... Bxb5+ 28. Ke1 Ra1+ 29. Kd2 $17) 28. Bxd5 Rxc3 29. Bc6+ $2 (29. Bb7) 29... Rxc6 {[%emt 0:00:09] Black is clearly winning.} 30. bxc6+ Kxc6 31. Ke2 Kb5 {[%emt 0:00:15] Weighted Error Value: White=0.70/Black=0.11 (very precise) .  Loses game:     	White=1     	---        Mistake:       	White=3     	Black=2      Inaccurate:     	White=2     	Black=2      OK:         	White=7     	Black=7      Best:        	---       	Black=1      Strong:       	---       	Black=1} 0-1

[Event "Wuerttemberg Rapid Teams 2024"]
[Site "B?blingen, Germany"]
[Date "2024.04.13"]
[Round "8.32"]
[White "Merkel, Philip"]
[Black "Kaufmann, Gunther"]
[Result "1/2-1/2"]
[ECO "B22"]
[WhiteElo "1726"]
[BlackElo "1852"]
[Annotator "NA RC COMBH"]
[PlyCount "109"]
[EventDate "2024.04.13"]
[EventType "team-tourn"]
[SourceTitle "playchess.com"]
[Source "ChessBase"]
[SourceQuality "1"]
[TimeControl "900+5"]

1. e4 c5 2. c3 d5 3. exd5 Qxd5 4. Nf3 Bg4 5. Be2 Nf6 6. Na3 a6 7. Nc2 e6 8. Ne3 Qd8 9. Nxg4 Nxg4 10. h3 Nf6 11. d4 Nc6 12. Be3 cxd4 13. Nxd4 Ne5 14. O-O Be7 15. Qc2 O-O 16. Rad1 Qa5 17. b3 Rac8 18. c4 b5 19. Nf3 bxc4 20. Nxe5 cxb3 21. Qxb3 Qxe5 22. Bxa6 Rc3 23. Bd4 Rxb3 24. Bxe5 Ra3 25. Bc4 Ne4 26. Rd3 h6 27. Rfd1 Bc5 28. Rxa3 Bxa3 29. Rd7 Bc5 30. Bd4 Ra8 31. Bxc5 Nxc5 32. Rc7 Ne4 33. Rc6 Nd2 34. Bb3 Nxb3 35. axb3 Rb8 36. Rc3 Kf8 37. Kf1 Ke7 38. Ke2 Kd6 39. Kd3 Kd5 40. f3 Rb7 41. Kc2 e5 42. Rc4 f5 43. Kc3 e4 44. fxe4+ fxe4 45. Rd4+ Ke5 46. b4 Kf4 47. g3+ Kf3 48. Kc4 e3 49. Rf4+ Kxg3 50. Re4 Kf2 51. Kd3 Rd7+ 52. Kc4 e2 53. Rf4+ Kg3 54. Re4 Kf3 55. Re8 1/2-1/2

[Event "Wuerttemberg Rapid Teams 2024"]
[Site "B?blingen, Germany"]
[Date "2024.04.13"]
[Round "8.33"]
[White "Schaefer, Daniel"]
[Black "Foksha, Mischa"]
[Result "1-0"]
[ECO "E91"]
[WhiteElo "1952"]
[BlackElo "2021"]
[Annotator "NA RC"]
[PlyCount "66"]
[EventDate "2024.04.13"]
[EventType "team-tourn"]
[SourceTitle "playchess.com"]
[Source "ChessBase"]
[SourceQuality "1"]
[TimeControl "900+5"]

1. d4 g6 2. c4 Bg7 3. Nc3 Nf6 4. e4 d6 5. Nf3 O-O 6. Be2 Nbd7 7. Be3 b6 8. Nd2 c5 9. d5 Ne5 10. h3 e6 11. O-O exd5 12. cxd5 Ne8 13. f4 Nd7 14. Nc4 a6 15. a4 Rb8 16. Nd2 f5 17. exf5 gxf5 18. Bd3 Nc7 19. Qf3 b5 20. axb5 axb5 21. Rab1 b4 22. Ne2 Nf6 23. Ng3 Nfxd5 24. Bf2 Kh8 25. Rfe1 Qh4 26. Nh5 Qd8 27. Nxg7 Kxg7 28. Nc4 Bb7 29. Rbd1 Kh8 30. Qh5 Nxf4 31. Qh6 Nxg2 32. Nxd6 Nxe1 33. Bh4 Nf3+ 1-0

[Event "Wuerttemberg Rapid Teams 2024"]
[Site "B?blingen, Germany"]
[Date "2024.04.13"]
[Round "8.34"]
[White "Foksha, Alexander"]
[Black "Lahouel, Kim-Luca"]
[Result "0-1"]
[ECO "D05"]
[WhiteElo "1924"]
[BlackElo "1970"]
[Annotator "TA"]
[PlyCount "40"]
[EventDate "2024.04.13"]
[EventType "team-tourn"]
[SourceTitle "playchess.com"]
[Source "ChessBase"]
[SourceQuality "1"]
[TimeControl "900+5"]

1. d4 d5 2. Nf3 e6 3. e3 c5 4. c3 Nc6 5. Bd3 Nf6 6. O-O Bd6 7. Nbd2 O-O 8. Qe2 e5 9. dxe5 Nxe5 10. Nxe5 Bxe5 11. e4 Re8 {[%emt 0:00:25] next ...Bc7 is good for Black.} 12. f4 {[%emt 0:00:16] The position is equal.} Bg4 (12... dxe4 $1 $11 13. Bb5 (13. Nxe4 $2 {too greedy.} Bxc3 14. bxc3 Nxe4 $19) 13... Bg4) 13. Qf2 $2 {[%emt 0:02:20] [#]} (13. Qe1 $1 $14 {stays ahead.} Bc7 (13... dxe4 14. fxe5 exd3 15. Qg3 $16) 14. e5) 13... Bc7 $2 (13... Bxc3 $1 $17 14. bxc3 dxe4) 14. e5 $14 {[%emt 0:00:58][%cal Of2h4] Threatens to win with Qh4!} c4 $1 {[%emt 0:00:15] [#] ...Bb6 would now be deadly.} 15. Qh4 $2 {[%emt 0:00:29][%mdl 8192] This move loses the game for White.} cxd3 $19 16. exf6 Be2 {[%emt 0:00:31] This pair of bishops is nice.} 17. Qg5 $2 (17. Re1) 17... Qxf6 {[%emt 0:01:44] Active counter play!} 18. Qxf6 gxf6 {[%emt 0:00:01] White is weak on the light squares} 19. Re1 Bb6+ 20. Kh1 Bf2 {[%emt 0:00:16] Weighted Error Value: White=1.65/Black=0.56.  Loses game:     	White=1     	---        Mistake:       	White=2     	Black=2      Inaccurate:     	White=2     	Black=1      OK:         	White=1     	Black=3      Best:        	White=2     	---        Strong:       	---       	Black=1} 0-1

[Event "Wuerttemberg Rapid Teams 2024"]
[Site "B?blingen, Germany"]
[Date "2024.04.13"]
[Round "8.35"]
[White "Mikeler, Marcel"]
[Black "Hadziselimovic, Adnan"]
[Result "1-0"]
[ECO "D90"]
[WhiteElo "1945"]
[BlackElo "2053"]
[Annotator "RC"]
[PlyCount "83"]
[EventDate "2024.04.13"]
[EventType "team-tourn"]
[SourceTitle "playchess.com"]
[Source "ChessBase"]
[SourceQuality "1"]
[TimeControl "900+5"]

1. d4 Nf6 2. Nf3 g6 3. c4 Bg7 4. Nc3 d5 5. cxd5 Nxd5 6. Qb3 Nxc3 7. bxc3 O-O 8. Ba3 Be6 9. Qxb7 Nd7 10. e4 Nb6 11. Be2 Rb8 12. Qa6 Bc8 13. Qd3 Bb7 14. O-O Qd7 15. Rfd1 Rfd8 16. Rac1 Qa4 17. Bxe7 Re8 18. Bh4 Rxe4 19. Bg3 Rbe8 20. Bf1 c5 21. dxc5 Nc4 22. Qd7 Bc6 23. Qc7 Nb2 24. Rd8 Bh6 25. Rb1 Rxd8 26. Qxd8+ Re8 27. Qh4 Qxa2 28. Re1 Rxe1 29. Nxe1 Qb1 30. Qd8+ Kg7 31. Be5+ f6 32. Qxf6+ Kg8 33. Qe6+ Kf8 34. Bd6+ Kg7 35. Be5+ Kf8 36. Qf6+ Kg8 37. Qh8+ Kf7 38. Qf6+ Kg8 39. Qxc6 Qxe1 40. Qe6+ Kf8 41. Bd6+ Kg7 42. Qxe1 1-0

[Event "Wuerttemberg Rapid Teams 2024"]
[Site "B?blingen, Germany"]
[Date "2024.04.13"]
[Round "8.36"]
[White "Valchev, Martin V"]
[Black "Dietzel, Lukas"]
[Result "1/2-1/2"]
[ECO "C36"]
[WhiteElo "1529"]
[BlackElo "1782"]
[Annotator "NA RC COMBH"]
[PlyCount "90"]
[EventDate "2024.04.13"]
[EventType "team-tourn"]
[SourceTitle "playchess.com"]
[Source "ChessBase"]
[SourceQuality "1"]
[TimeControl "900+5"]

1. e4 e5 2. f4 d5 3. exd5 exf4 4. Nf3 Nf6 5. Nc3 Bd6 6. Bc4 Bg4 7. O-O O-O 8. d4 Re8 9. Nb5 c6 10. Nxd6 Qxd6 11. Qd2 cxd5 12. Bb5 Rc8 13. c3 a6 14. Bd3 Re8 15. Qxf4 Qxf4 16. Bxf4 Nbd7 17. Ne5 Nxe5 18. Bxe5 Ne4 19. h3 f6 20. Bh2 Bh5 21. Rae1 b5 22. Rf4 Bg6 23. Bxe4 Bxe4 24. a3 Rac8 25. Rf2 Bd3 26. Rxe8+ Rxe8 27. Rd2 Re1+ 28. Kf2 Rf1+ 29. Ke3 Be4 30. Rf2 Rh1 31. Bd6 Rg1 32. g3 Kf7 33. h4 Ke6 34. Bb8 Rg2 35. Rxg2 Bxg2 36. Kf4 g6 37. Ba7 h6 38. Bb6 g5+ 39. hxg5 hxg5+ 40. Kg4 Be4 41. Bd8 Kf7 42. Kh5 Bg6+ 43. Kh6 Bf5 44. Kh5 Bg6+ 45. Kg4 Ke6 1/2-1/2

[Event "Wuerttemberg Rapid Teams 2024"]
[Site "B?blingen, Germany"]
[Date "2024.04.13"]
[Round "8.37"]
[White "Li, Yunqi"]
[Black "Notz, Lukas"]
[Result "0-1"]
[ECO "A28"]
[WhiteElo "1940"]
[BlackElo "1986"]
[Annotator "TA"]
[PlyCount "28"]
[EventDate "2024.04.13"]
[EventType "team-tourn"]
[SourceTitle "playchess.com"]
[Source "ChessBase"]
[SourceQuality "1"]
[TimeControl "900+5"]

1. c4 e5 2. Nc3 Nf6 3. Nf3 Nc6 4. e3 d5 5. cxd5 Nxd5 6. Bb5 Nxc3 7. bxc3 Bd6 8. d4 O-O 9. Bxc6 bxc6 10. dxe5 Be7 {[%emt 0:00:20] The position is equal.} 11. O-O Ba6 12. Re1 Qc8 {[%emt 0:00:19] White is slightly better.} 13. Qa4 Bb5 14. Qe4 Rd8 {[%emt 0:00:44][%mdl 32768] Weighted Error Value: White=0.06 (flawless) /Black=0.13 (very precise) .  Inaccurate:     	---       	Black=2      OK:         	White=4     	Black=1     . Loss on time!?} 0-1

[Event "Wuerttemberg Rapid Teams 2024"]
[Site "B?blingen, Germany"]
[Date "2024.04.13"]
[Round "8.38"]
[White "Bodriyenko, Markiyan"]
[Black "Wezel, Sebastian"]
[Result "1-0"]
[ECO "B22"]
[WhiteElo "1728"]
[BlackElo "1907"]
[Annotator "TA"]
[PlyCount "91"]
[EventDate "2024.04.13"]
[EventType "team-tourn"]
[SourceTitle "playchess.com"]
[Source "ChessBase"]
[SourceQuality "1"]
[TimeControl "900+5"]

1. e4 c5 2. Nf3 Nc6 3. c3 d5 4. exd5 Qxd5 5. d4 cxd4 6. cxd4 Bg4 7. Be2 e6 8. Nc3 Qd6 9. Be3 Nf6 10. O-O Be7 11. h3 Bh5 12. Qa4 Qb4 13. Qc2 Bg6 14. Bd3 {[%emt 0:00:25] The position is equal.} Bxd3 15. Qxd3 O-O 16. a3 Qd6 17. Rad1 Rfd8 18. Nb5 Qd7 19. Bf4 Nd5 20. Bg3 a6 21. Nc3 b5 22. b4 (22. Ne5 $11 {keeps the balance.} Qe8 23. Rc1 Nxe5 24. Bxe5) 22... Nxc3 23. Qxc3 Rac8 {[%emt 0:00:05][%cal Oc6b4] Strongly threatening ...Nxb4!} 24. Qe3 Bf6 25. Ne5 Qd5 26. Nxc6 Rxc6 27. Be5 Rdc8 (27... Bxe5 $17 28. dxe5 Qxd1 29. Rxd1 Rxd1+ 30. Kh2 Rd7) 28. Bxf6 $11 gxf6 29. Qf4 Kg7 30. Rd3 {[%emt 0:00:25] Hoping for Rg3+.} Rc3 $2 (30... Qf5 $14 31. Qxf5 exf5) 31. Rfd1 $2 ({Only move:} 31. Qg3+ $18 Kh8 32. Rxc3) 31... Qg5 32. Qf3 Rxd3 33. Rxd3 {[%emt 0:00:10][%cal Bd1d3,Bd3g3,Bg3f3][%mdl 4128] Endgame. KQR-KQR} Rc1+ 34. Kh2 Qd5 (34... h5 $11) 35. Qf4 $18 Rc4 (35... Qg5 $2 36. Rg3 (36. Qxg5+ fxg5 37. d5 exd5 $11) 36... Rc6 37. Rxg5+ $18) 36. Rg3+ Kf8 37. Qxf6 (37. Qh6+ $1 $18 Ke7 38. Rg8 (38. Qxh7 Qxd4 39. Rf3 Rc3 $11)) 37... Qxd4 $16 {[%emt 0:00:09] [#]} 38. Qh6+ Ke7 {[%emt 0:00:07] [#]} 39. Qxh7 ({Better is} 39. Rf3 $1 Qe5+ 40. g3) 39... Qxf2 $2 (39... Qf4 $16) 40. Rf3 $18 Qc2 (40... Qe2 $142 41. Qxf7+ (41. Rxf7+ Kd6 $18) 41... Kd6 42. Qf8+ Kd5 43. Qd8+ Kc6 44. Qa8+ Kb6 45. Qb8+ Kc6) 41. Rxf7+ Kd6 42. Rd7+ Ke5 43. Qg7+ Ke4 44. Re7 (44. Rd6 $142 Qf2 45. Qg6+ (45. Rxe6+ Kd3 $18) 45... Ke5 46. Qxe6+ (46. Rxa6 Qf4+ 47. Qg3 Qxg3+ 48. Kxg3 Rc3+ 49. Kh4 Rc8 $18) 46... Kf4 47. Qf6+ (47. Rxa6 $2 Qg3+ 48. Kh1 Rc1+) 47... Ke3 48. Re6+ (48. Rxa6 Qxf6 49. Rxf6 Ke4 $18) 48... Re4 49. Qxf2+ (49. Rxa6 Qxf6 50. Rxf6 Kd4 $18) (49. Rxe4+ Kxe4 50. Qxf2 Kd3 51. h4 a5 52. bxa5 Ke4 53. a6 Kd3) 49... Kxf2 50. Rxe4) 44... Rc6 {[%emt 0:00:19] [#]} (44... Kd5 $142 45. Rd7+ Ke4 46. Rd6 Qe2 47. Qg6+ (47. Rxa6 e5 $18) 47... Kf4 48. Qf6+ (48. Rxa6 Qd1 $18) (48. Rxe6 Qxe6 49. Qxe6 Re4 $18) 48... Ke3 49. Qxe6+ (49. Rxa6 Kd3 $18) (49. Rxe6+ Kd3 $18) 49... Kf2 50. Qf6+ (50. Rxa6 Qxe6 51. Rxe6 Rc3 $18) (50. Qf5+ Ke3 51. Qg5+ Kf2 52. Qg3+ Kf1 53. Rf6+ Qf3 54. Rxf3+ Ke2 55. Rf2+ Ke1 56. Qe3+ Kd1 57. Qd2#) 50... Ke3 51. Qe5+ (51. Rxa6 Qc2 $18) 51... Kf2) 45. Rxe6+ $3 Rxe6 46. Qh7+ {[%emt 0:00:01] Weighted Error Value: White=0.63/Black=0.74.  Loses game:     	---       	Black=3      Missed win:     	White=2     	---        Mistake:       	White=2     	Black=2      Inaccurate:     	White=1     	Black=3      OK:         	White=9     	Black=11     Best:        	White=5     	Black=4} 1-0

[Event "Wuerttemberg Rapid Teams 2024"]
[Site "B?blingen, Germany"]
[Date "2024.04.13"]
[Round "9.1"]
[White "Peng, Xiang-Tobias"]
[Black "Koelle, Tobias"]
[Result "1/2-1/2"]
[ECO "D36"]
[WhiteElo "2187"]
[BlackElo "2467"]
[Annotator "RC"]
[PlyCount "82"]
[EventDate "2024.04.13"]
[EventType "team-tourn"]
[SourceTitle "playchess.com"]
[Source "ChessBase"]
[SourceQuality "1"]
[TimeControl "900+5"]

1. d4 Nf6 2. c4 e6 3. Nf3 d5 4. Nc3 c6 5. Bg5 Be7 6. e3 Nbd7 7. Qc2 O-O 8. cxd5 exd5 9. Bd3 h6 10. Bh4 b6 11. O-O Bb7 12. Bf5 Nh5 13. Bxe7 Qxe7 14. Rad1 Rfe8 15. Rfe1 Nf8 16. e4 dxe4 17. Bxe4 Qf6 18. Ne5 Rab8 19. Qe2 Nf4 20. Qf3 Ba8 21. Kh1 Rbd8 22. g3 Nd5 23. Bxd5 cxd5 24. Qxf6 gxf6 25. Ng4 Kg7 26. Ne3 Kg6 27. Kg2 Ne6 28. f4 Ng7 29. Kf3 h5 30. Rc1 Bc6 31. Re2 Re6 32. h3 Rde8 33. g4 hxg4+ 34. hxg4 f5 35. Rg1 fxg4+ 36. Rxg4+ Kh7 37. Rh2+ Kg8 38. Ncd1 Rg6 39. Rgh4 Kf8 40. Nf2 Rxe3+ 41. Kxe3 Ne6 1/2-1/2

[Event "Wuerttemberg Rapid Teams 2024"]
[Site "B?blingen, Germany"]
[Date "2024.04.13"]
[Round "9.2"]
[White "Ramirez Marin, Ivan"]
[Black "Deuer, Marius"]
[Result "0-1"]
[ECO "D35"]
[WhiteElo "2271"]
[BlackElo "2439"]
[Annotator "RC"]
[PlyCount "92"]
[EventDate "2024.04.13"]
[EventType "team-tourn"]
[SourceTitle "playchess.com"]
[Source "ChessBase"]
[SourceQuality "1"]
[TimeControl "900+5"]

1. d4 Nf6 2. c4 e6 3. Nc3 d5 4. cxd5 Nxd5 5. e4 Nxc3 6. bxc3 c5 7. Rb1 Be7 8. Nf3 O-O 9. h4 cxd4 10. cxd4 b6 11. h5 h6 12. a3 Bb7 13. Bd3 Nd7 14. Bb2 e5 15. d5 Bd6 16. Nh4 Nc5 17. Bc2 Bc8 18. Qf3 Qg5 19. Bc1 Qg4 20. Qxg4 Bxg4 21. f3 Bd7 22. g4 Rfc8 23. g5 hxg5 24. Bxg5 f6 25. Be3 Kf7 26. Kd2 Nb7 27. Rbg1 Na5 28. Bd3 Nc4+ 29. Bxc4 Rxc4 30. Rc1 Rxc1 31. Rxc1 Rh8 32. Nf5 Bxf5 33. exf5 Rxh5 34. Rc8 Rxf5 35. Ra8 Rxf3 36. Rxa7+ Kg6 37. Ke2 e4 38. a4 Rf5 39. Bxb6 Rxd5 40. Ke3 f5 41. Bd4 Bc5 42. Bxc5 Rxc5 43. Kf4 Kh6 44. Ra6+ Kh5 45. Rb6 g5+ 46. Ke3 Kg4 0-1

[Event "Wuerttemberg Rapid Teams 2024"]
[Site "B?blingen, Germany"]
[Date "2024.04.13"]
[Round "9.3"]
[White "Schnepp, Gunnar"]
[Black "Kocharin, Timur"]
[Result "1-0"]
[ECO "A32"]
[WhiteElo "2233"]
[BlackElo "2250"]
[Annotator "RC"]
[PlyCount "95"]
[EventDate "2024.04.13"]
[EventType "team-tourn"]
[SourceTitle "playchess.com"]
[Source "ChessBase"]
[SourceQuality "1"]
[TimeControl "900+5"]

1. d4 Nf6 2. c4 e6 3. Nf3 c5 4. Nc3 cxd4 5. Nxd4 b6 6. Ndb5 d6 7. Bf4 e5 8. Bg5 Bb7 9. Nd5 Bxd5 10. Bxf6 gxf6 11. cxd5 a6 12. Nc3 f5 13. e3 Nd7 14. Qc2 Qf6 15. Qa4 Bg7 16. Bxa6 Ke7 17. Qc4 Nc5 18. Bb5 e4 19. Qe2 f4 20. exf4 Qxf4 21. g3 Qe5 22. O-O h5 23. Rae1 f5 24. f3 h4 25. fxe4 hxg3 26. exf5 gxh2+ 27. Kh1 Qxe2 28. Nxe2 Kf7 29. Nf4 Rxa2 30. b4 Nb3 31. Ng6 Rh3 32. Re6 Nd4 33. Be8+ Kg8 34. f6 Rg3 35. f7+ Kh7 36. f8=Q Bxf8 37. Nxf8+ Kg7 38. Rg6+ Rxg6 39. Nxg6 Re2 40. Rf7+ Kh6 41. Re7 Rf2 42. Nh4 Kg5 43. Re4 Ne2 44. Nf3+ Kf5 45. Rxe2 Rxe2 46. Nd4+ Ke5 47. Nxe2 Kxd5 48. b5 1-0

[Event "Wuerttemberg Rapid Teams 2024"]
[Site "B?blingen, Germany"]
[Date "2024.04.13"]
[Round "9.4"]
[White "Geshnizjani, Ramin"]
[Black "Junesch, Gerhard"]
[Result "0-1"]
[ECO "B12"]
[WhiteElo "2137"]
[BlackElo "2267"]
[Annotator "RC"]
[PlyCount "53"]
[EventDate "2024.04.13"]
[EventType "team-tourn"]
[SourceTitle "playchess.com"]
[Source "ChessBase"]
[SourceQuality "1"]
[TimeControl "900+5"]

1. e4 c6 2. d4 d5 3. e5 Bf5 4. c4 e6 5. Nc3 Ne7 6. h3 Nd7 7. Nf3 dxc4 8. Bxc4 Nb6 9. Bb3 Bg6 10. O-O Nf5 11. Bg5 Be7 12. Bxe7 Qxe7 13. Qe2 Rd8 14. Rfd1 O-O 15. Ne4 Nh4 16. Nf6+ gxf6 17. Nxh4 fxe5 18. Nxg6 hxg6 19. Qxe5 Nd5 20. Rd3 Qd6 21. Rad1 Nf4 22. R3d2 Rd7 23. h4 Rfd8 24. Qe4 Nh5 25. Rd3 Qf4 26. Qxf4 Nxf4 27. Kf1 0-1

[Event "Wuerttemberg Rapid Teams 2024"]
[Site "B?blingen, Germany"]
[Date "2024.04.13"]
[Round "9.5"]
[White "Fischer, Andre"]
[Black "Zuferi, Enis"]
[Result "1/2-1/2"]
[ECO "A67"]
[WhiteElo "2248"]
[BlackElo "2406"]
[Annotator "RC"]
[PlyCount "89"]
[EventDate "2024.04.13"]
[EventType "team-tourn"]
[SourceTitle "playchess.com"]
[Source "ChessBase"]
[SourceQuality "1"]
[TimeControl "900+5"]

1. d4 Nf6 2. c4 e6 3. Nc3 c5 4. d5 exd5 5. cxd5 d6 6. e4 g6 7. f4 Bg7 8. Bb5+ Nfd7 9. Be2 O-O 10. Nf3 Re8 11. O-O Na6 12. Nb5 Qb6 13. a4 c4+ 14. Kh1 Rxe4 15. Nd2 Re7 16. Nxc4 Qc5 17. Ncxd6 Nf6 18. Bf3 Nb4 19. Nxc8 Rxc8 20. d6 Rd7 21. Bd2 Nd3 22. Qe2 Qc2 23. Bc3 Qxe2 24. Bxe2 Nc5 25. Nxa7 Ra8 26. Nb5 Nfe4 27. Bxg7 Kxg7 28. Kg1 Rxa4 29. Rxa4 Nxa4 30. Rd1 f5 31. Rc1 Kf6 32. Rc7 Nb6 33. Rxd7 Nxd7 34. Bc4 h6 35. Bd5 b6 36. Kf1 g5 37. fxg5+ hxg5 38. Ke2 Ke5 39. Bc6 Ke6 40. Ke3 Nxd6 41. Nc7+ Ke7 42. Nd5+ Ke6 43. Nc7+ Ke7 44. Nd5+ Ke6 45. Nc7+ 1/2-1/2

[Event "Wuerttemberg Rapid Teams 2024"]
[Site "B?blingen, Germany"]
[Date "2024.04.13"]
[Round "9.6"]
[White "Weiss, Oliver"]
[Black "Huber, Philipp"]
[Result "0-1"]
[ECO "A48"]
[WhiteElo "2220"]
[BlackElo "2306"]
[Annotator "RC"]
[PlyCount "92"]
[EventDate "2024.04.13"]
[EventType "team-tourn"]
[SourceTitle "playchess.com"]
[Source "ChessBase"]
[SourceQuality "1"]
[TimeControl "900+5"]

1. d4 Nf6 2. Bf4 d6 3. e3 Nbd7 4. Nf3 c6 5. h3 g6 6. Be2 Bg7 7. O-O O-O 8. c4 Ne4 9. Qc2 d5 10. cxd5 cxd5 11. Nc3 Nxc3 12. Qxc3 Nf6 13. Rfc1 Ne8 14. Qb3 b6 15. Rc3 h6 16. Rac1 Be6 17. Ba6 Nd6 18. Ne5 Bxe5 19. Bxe5 Nc4 20. Bg3 Nd2 21. Qb4 Ne4 22. Bc7 Qe8 23. R3c2 Bc8 24. Bd3 Bf5 25. Qb3 Qd7 26. Bf4 g5 27. Rc7 Rac8 28. Be5 Rxc7 29. Rxc7 Qe6 30. Rxa7 Rc8 31. Rc7 Rxc7 32. Bxc7 Qc6 33. Qc2 Qe6 34. b4 b5 35. Qc1 Qc8 36. Bxb5 Nd6 37. Ba4 Nc4 38. Bg3 Bd3 39. Qc3 Qf5 40. Bb3 Be2 41. Bxc4 dxc4 42. a4 Qb1+ 43. Kh2 Qb3 44. Qc1 c3 45. f4 Qb2 46. Qe1 Bf3 0-1

[Event "Wuerttemberg Rapid Teams 2024"]
[Site "B?blingen, Germany"]
[Date "2024.04.13"]
[Round "9.7"]
[White "Wunder, Niklas"]
[Black "Degenhard, Simon"]
[Result "1-0"]
[ECO "A33"]
[WhiteElo "2071"]
[BlackElo "2204"]
[Annotator "RC"]
[PlyCount "77"]
[EventDate "2024.04.13"]
[EventType "team-tourn"]
[SourceTitle "playchess.com"]
[Source "ChessBase"]
[SourceQuality "1"]
[TimeControl "900+5"]

1. c4 c5 2. Nf3 Nf6 3. d4 cxd4 4. Nxd4 Nc6 5. Nc3 e6 6. a3 Bc5 7. e3 O-O 8. b4 Bb6 9. c5 Bc7 10. Ndb5 Be5 11. Bb2 d5 12. cxd6 a6 13. f4 axb5 14. fxe5 Nxe5 15. Nxb5 Nfg4 16. Bxe5 Nxe5 17. Qd4 Qf6 18. Be2 Bd7 19. Rf1 Qg5 20. Qf4 Qxf4 21. exf4 Ng6 22. g3 Rfd8 23. Nc7 Rac8 24. Kf2 Bc6 25. Rfd1 Rd7 26. Rac1 Rcd8 27. b5 Bd5 28. Nxd5 exd5 29. Rxd5 Rxd6 30. Rxd6 Rxd6 31. Rc8+ Nf8 32. a4 g6 33. a5 Kg7 34. a6 bxa6 35. bxa6 Nd7 36. Rd8 Nc5 37. Rxd6 Ne4+ 38. Ke3 Nxd6 39. a7 1-0

[Event "Wuerttemberg Rapid Teams 2024"]
[Site "B?blingen, Germany"]
[Date "2024.04.13"]
[Round "9.8"]
[White "Sokratov, Stanislav"]
[Black "Tschlatscher, Thomas"]
[Result "0-1"]
[ECO "D02"]
[WhiteElo "2146"]
[BlackElo "2217"]
[Annotator "RC"]
[PlyCount "59"]
[EventDate "2024.04.13"]
[EventType "team-tourn"]
[SourceTitle "playchess.com"]
[Source "ChessBase"]
[SourceQuality "1"]
[TimeControl "900+5"]

1. d4 Nf6 2. Bf4 d5 3. e3 c5 4. Nf3 Nc6 5. Nbd2 e6 6. c3 Bd6 7. Bg3 O-O 8. Bd3 Qe7 9. Ne5 Bxe5 10. dxe5 Nd7 11. Nf3 f6 12. exf6 Nxf6 13. Ne5 Nxe5 14. Bxe5 Nd7 15. Bg3 e5 16. Qh5 g6 17. Qh6 e4 18. Be2 Ne5 19. Rd1 Bg4 20. Bxg4 Nxg4 21. Qh4 Qxh4 22. Bxh4 Rf5 23. O-O Ne5 24. Rxd5 Nf3+ 25. gxf3 Rxd5 26. fxe4 Rd2 27. Rb1 Kf7 28. b4 c4 29. a4 Rc2 30. h3 0-1